 Dungeon Crawl Stone Soup version 0.30-a0-782-ge64f9170bb (webtiles) character file.

Game seed: 11335045293495231190

14 Dirtsage the Chopper (level 2, -1/24 HPs)
             Began as a Demonspawn Berserker on Mar 16, 2023.
             Was a Follower of Trog.
             Slain by a jackal (2 damage)
             ... on level 1 of the Dungeon.
             The game lasted 00:00:20 (225 turns).

Dirtsage the Chopper (Demonspawn Berserker)          Turns: 225, Time: 00:00:20

Health: -1/24      AC:  2    Str: 17    XL:     2   Next: 27%
Magic:  2/2        EV: 12    Int:  8    God:    Trog [*.....]
Gold:   14         SH:  0    Dex: 12    Spells: 1/1 levels left

rFire   . . .      SeeInvis .    a - +0 hand axe
rCold   . . .      Faith    .    (no shield)
rNeg    . . .      Spirit   .    b - +0 animal skin
rPois   .          Reflect  .    (no helmet)
rElec   .          Harm     .    (no cloak)
rCorr   .          Rampage  .    (no gloves)
Will    .....                    (no boots)
Stlth   +                        (no amulet)
HPRegen 0.24/turn                (no ring)
MPRegen 0.16/turn                (no ring)

@: no status effects
A: magic regeneration
a: Renounce Religion, Berserk


You were on level 1 of the Dungeon.
You worshipped Trog.
Trog was aware of your devotion.
You visited 1 branch of the dungeon, and saw 1 of its levels.

You collected 14 gold pieces.

Inventory:

Hand Weapons
 a - a +0 hand axe (weapon)
Armour
 b - a +0 animal skin (worn)
Scrolls
 c - a scroll of fear {unknown}


   Skills:
 - Level 3.0 Fighting
 + Level 3.4 Axes
 - Level 1.7 Armour
 - Level 1.7 Dodging


You had one spell level left.
You didn't know any spells.
Your spell library was empty.

Dungeon Overview and Level Annotations

Branches:
Dungeon (1/15)

Altars:


Innate Abilities, Weirdness & Mutations

You regenerate magic rapidly.


Message History

The jackal bites you but does no damage.
The jackal bites you. The jackal closely misses you.
You take 1 damage, and have 11/24 hp.
You barely miss the jackal. You hit the jackal. The jackal bites you. x3
* * * LOW HITPOINT WARNING * * *
The jackal bites you.
* * * LOW HITPOINT WARNING * * *
You take 5 damage, and have 6/24 hp.
MASSIVE DAMAGE!!
You hit the jackal.
The jackal is heavily wounded.
You miss the jackal. The jackal bites you.
* * * LOW HITPOINT WARNING * * *
The jackal barely misses you.
You take 1 damage, and have 5/24 hp.
You barely miss the jackal.
The jackal is heavily wounded.
You hit the jackal.
You kill the jackal!
Trog accepts your kill. The jackal closely misses you. The jackal misses you.
You closely miss the jackal.
The jackal is heavily wounded.
The jackal bites you.
* * * LOW HITPOINT WARNING * * *
You take 3 damage, and have 2/24 hp.
You hit the jackal.
The jackal is severely wounded.
The jackal bites you.
* * * LOW HITPOINT WARNING * * *
The jackal barely misses you.
A kobold comes into view. It is wielding a +0 whip.
You take 1 damage, and have 1/24 hp.
You barely miss the jackal.
The jackal is severely wounded.
The jackal bites you but does no damage.
You closely miss the jackal.
The jackal is severely wounded.
The kobold shouts!
The jackal bites you.
You die...

####.#..##.##.[#.#
#.##..#.#..##.#
.♣♣####.###.....###.#
♣P......#.##...##.#.#
♣♣♣####.'⌠.##.##.⌠'.#
♣.....#...#+#...#.#
♣.###.##...+...##.#
#..##.....##.##
##@h##.⌠.## .
##.K##.## ^# #..#+# #
...+ ##... .... .## .


You could see a jackal and a kobold.

Vanquished Creatures
  A dart slug (D:1)
  3 endoplasms (D:1)
  A goblin (D:1)
  3 jackals (D:1)
  A ball python (D:1)
  A frilled lizard (D:1)
10 creatures vanquished.

Vanquished Creatures (others)
  A plant (D:1)
1 creature vanquished.

Grand Total: 11 creatures vanquished

Notes
Turn   | Place    | Note
-------+----------+-------------------------------------------
     0 | D:1      | Dirtsage the Demonspawn Berserker began the quest for the
                  | Orb.
     0 | D:1      | Reached XP level 1. HP: 18/18 MP: 1/1
   155 | D:1      | Gained mutation: You regenerate magic rapidly. [demonic
                  | ancestry]
   155 | D:1      | Reached XP level 2. HP: 23/24 MP: 2/2
   223 | D:1      | HP: 1/24 [jackal (2)]
   225 | D:1      | Slain by a jackal

Illustrated notes

Levels and vault maps discovered:
D:1:      evilmike_arrival_rings, layout_basic, wad_woods_river_04,
          serial_bayou_pond_c, grunt_decor_arrowhead

Skill      XL: |  1 |
---------------+----+-----
Axes           | 3 |  3.4
Fighting       | |  3.0
Armour         | |  1.7
Dodging        | |  1.7

Action                     || total
---------------------------++-------
  Melee: Hand axe          ||    37
 Armour: Animal skin       ||     5
  Dodge: Dodged            ||    24

Table legend: (Time is in decaauts)
 A = Elapsed time spent in this place.
 B = Non-inter-level travel time spent in this place.
 C = Inter-level travel time spent in this place.
 D = Time resting spent in this place.
 E = Time spent auto-exploring this place.
 F = Levels seen in this place.
 G = Mean time per level.
                   A        B        C        D        E       F      G
               +--------+--------+--------+--------+--------+-----+--------+
         Total |    233 |    233 |      0 |      0 |    175 |   1 |  233.0 |
       Dungeon |    233 |    233 |      0 |      0 |    175 |   1 |  233.0 |
               +--------+--------+--------+--------+--------+-----+--------+

Top non-repeatable levels by time:
     D:1: 233 daAuts
